 Dungeon Crawl Stone Soup version 0.23-a0-619-g281719c6f9 (webtiles) character file.

366 LLavrengius the Sneak (level 6, -11/45 HPs)
             Began as an Octopode Fighter on Dec 23, 2018.
             Mangled by an ogre
             ... wielding a +0 giant club
              (30 damage)
             ... on level 4 of the Dungeon.
             The game lasted 00:06:30 (3143 turns).

LLavrengius the Sneak (Octopode Fighter)            Turns: 3143, Time: 00:06:30

Health: -11/45     AC:  1    Str: 15    XL:     6   Next: 68%
Magic:  6/6        EV: 11    Int: 12    God:
Gold:   112        SH:  9    Dex: 12    Spells: 5/5 levels left

rFire    . . .     SeeInvis .   k - +2 dagger (venom)
rCold    . . .     Gourm    .   b - +1 shield
rNeg     . . .     Faith    +   (helmet restricted)
rPois    .         Spirit   .   m - amulet of faith
rElec    .         Reflect  .   (no ring)
rCorr    .         Harm     .   (no ring)
MR       .....                  (no ring)
Stlth    ++++......             (no ring)
HPRegen  0.15/turn              (no ring)
MPRegen  0.10/turn              (no ring)
                                (no ring)
                                (no ring)

@: lethally poisoned (-11 -> -12)
A: almost no armour, stealthy swim, amphibious, 8 rings, constrict 8, camouflage
1, gelatinous body 1
a: no special abilities


You were on level 4 of the Dungeon.
You were not hungry.

You visited 1 branch of the dungeon, and saw 4 of its levels.

You collected 112 gold pieces.

Inventory:

Hand Weapons
 a - a +0 rapier
 k - a +2 dagger of venom (weapon)
Missiles
 e - 4 javelins (quivered)
Armour
 b - a +1 shield (worn)
Jewellery
 m - an amulet of faith (around mantle)
 o - a +2 amulet of reflection {unknown}
Scrolls
 l - a scroll of enchant armour
Potions
 c - a potion of might
 f - 2 potions of mutation
 h - a potion of resistance {unknown}
 j - a potion of haste {unknown}
 p - a potion of curing {unknown}
Comestibles
 d - 5 rations
 g - a chunk of flesh


   Skills:
 + Level 5.1 Fighting
 + Level 3.4 Short Blades
 - Level 3.0 Dodging
 + Level 5.8 Stealth
 - Level 3.0 Shields


You had 5 spell levels left.
You didn't know any spells.
Your spell library was empty.

Dungeon Overview and Level Annotations

Branches:
Dungeon (4/15)
 Temple: D:4-7

Altars:
Trog
Vehumet

Annotations:
D:4 exclusion: statue


Innate Abilities, Weirdness & Mutations

You cannot wear most types of armour.
You are very stealthy in the water. (Stealth+)
You are amphibious.
You can wear up to eight rings at the same time.
You can use your tentacles to constrict eight enemies at once.
Your skin changes colour to match your surroundings (Stealth+).
Your rubbery body absorbs attacks. (AC +1, EV +1)


Message History

You are poisoned.
The adder poisons you! The adder barely misses you.
You hit the adder but do no damage.
The adder looks as sick as possible!
You grab the adder. You squeeze the adder!
The adder is almost dead.
You constrict the adder.
You kill the adder!
You feel sick.
You feel sick.
The ogre looks more healthy.
You feel sick.
You hit the ogre.
The ogre is severely wounded.
You block the ogre's attack.
You hit the ogre.
The ogre is poisoned.
You squeeze the ogre.
The ogre is almost dead.
You feel sick.
The ogre hits you with a +0 giant club!!
Ouch! That really hurt!
You die...

...*#........# *,,,,,,**,,,,***,
...##........####,,,,,..,,,,** *,
...#............#***....,,,,* *,
...#.....#......# *...,.(.,* *,
...#.....#......####..,....,* *,
.....###.#..........#*,....,*****
...>................++.....,+,,,,
.(..................##....,,*+***
..###..(.......O@......#****,,,,*
..* #..................# *,,,,*
.#* ####.#########.....# *,,,,,
.* *...#,......#.....# *,,,,,
.*** #...#,8._.........# *,,,,,
,,,**#...*,......#.....# **,,,,,
,,,,,....**#######.....####,.....
,,,,.....,,,,........#....#......
,,,,,,,,,,*,,........#....#......


You could see an ogre.

Vanquished Creatures
  2 orc priests (D:3)
  Crazy Yiuf (D:2)
  A hound (D:4)
  An iguana (D:4)
  An orc wizard (D:3)
  2 worker ants (D:4)
  8 adders
  An ooze (D:3)
  An adder skeleton (D:4)
  4 worms
  A dart slug (D:1)
  A leopard gecko (D:2)
  3 orcs (D:3)
  A ball python (D:1)
  2 giant cockroaches
  6 goblins
  6 hobgoblins
  3 jackals (D:3)
  6 kobolds
  2 quokkas (D:3)
  5 bats
  3 frilled lizards
  A jackal skeleton (D:4)
  8 rats
  A fungus (D:2)
71 creatures vanquished.

Notes
Turn   | Place    | Note
-------+----------+-------------------------------------------
     0 | D:1      | LLavrengius the Octopode Fighter began the quest for the
                  | Orb.
     0 | D:1      | Reached XP level 1. HP: 16/16 MP: 1/1
    24 | D:1      | Reached skill level 1 in Stealth
   144 | D:1      | Reached XP level 2. HP: 13/21 MP: 2/2
  1036 | D:2      | Reached XP level 3. HP: 15/27 MP: 3/3
  1609 | D:2      | Found a runed door.
  1613 | D:2      | Noticed Crazy Yiuf
  1617 | D:2      | Killed Crazy Yiuf
  1617 | D:2      | Reached XP level 4. HP: 33/33 MP: 4/4
  1814 | D:3      | Reached XP level 5. HP: 38/38 MP: 5/5
  2374 | D:3      | Reached skill level 5 in Stealth
  2597 | D:3      | Found a bloodstained altar of Trog.
  2656 | D:3      | Reached XP level 6. HP: 41/45 MP: 6/6
  3034 | D:4      | Reached skill level 5 in Fighting
  3079 | D:4      | Found a radiant altar of Vehumet.
  3143 | D:4      | Mangled by an ogre

Vault maps used:
D:1:      dpeg_arrival_line_fractal
D:2:      minivault_4, kennysheep_generic_room_5, uniq_crazy_yiuf_cottage
D:3:      bloody_trog, st_stairs_3
D:4:      vehumet_statue, first_ration

Skill      XL: |  1  2  3  4  5  6 |
---------------+-------------------+-----
Stealth        | 1 2 3 4 5 |  5.8
Fighting       | 4 5 |  5.1
Short Blades   | 3 |  3.4
Dodging        | |  3.0
Shields        | |  3.0

Action                   |  1- 3 |  4- 6 || total
-------------------------+-------+-------++-------
Melee: Rapier            |    25 |       ||    25
       Constrict         |    16 |    21 ||    37
       Tentacles         |     9 |    20 ||    29
       Dagger            |    31 |    89 ||   120
  Use: Scroll            |       |     5 ||     5
 Stab: Sleeping          |     6 |    11 ||    17
  Eat: Chunk             |     2 |     5 ||     7
Armor: Skin              |     1 |     4 ||     5
Dodge: Dodged            |    13 |    22 ||    35
Block: Shield            |    15 |    24 ||    39

Table legend:
 A = Non-vault XP
 B = Vault XP
 C = Vault XP percentage of total XP
 D = Non-vault monster count
 E = Vault monster count
 F = Vault count percentage of total count
                 A         B        C        D         E       F
            +---------+---------+-------+---------+---------+-------
      Total |     466 |      57 |  10.9 |      64 |       6 |   8.6
            +---------+---------+-------+---------+---------+-------
        D:1 |      24 |       0 |   0.0 |      14 |       0 |   0.0
        D:2 |      35 |      46 |  56.8 |       9 |       3 |  25.0
        D:3 |     203 |      11 |   5.1 |      29 |       3 |   9.4
        D:4 |     204 |       0 |   0.0 |      12 |       0 |   0.0
            +---------+---------+-------+---------+---------+-------
